 Dungeon Crawl Stone Soup version 0.31.0-32-g396128a36d (webtiles) character file.

Game seed: 12673838998054142457

184 PaiMei the Grave Robber (level 5, -4/38 HPs)
             Began as a Demonspawn Necromancer on Apr 18, 2024.
             Killed by divine providence
             ... invoked by an orc priest
              (12 damage)
             ... on level 3 of the Dungeon.
             The game lasted 00:03:39 (2734 turns).

PaiMei the Grave Robber (Demonspawn Necromancer)    Turns: 2734, Time: 00:03:40

Health: -4/38      AC:  2    Str:  9    XL:     5   Next: 36%
Magic:  1/9        EV: 15    Int: 17    God:
Gold:   176        SH:  0    Dex: 13    Spells: 6/10 levels left

rFire   . . .        i - +0 whip (flame)
rCold   . . .        (no shield)
rNeg    . . .        a - +0 robe
rPois   .            (no helmet)
rElec   .            (no cloak)
rCorr   .            (no gloves)
SInv    .            (no boots)
Will    .....        (no amulet)
Stlth   ++           (no ring)
HPRegen 0.26/turn    (no ring)
MPRegen 0.11/turn

%: no passive effects
@: no status effects
A: repulsion field 2, demonic magic 1
a: no special abilities


You were on level 3 of the Dungeon.
You visited 1 branch of the dungeon, and saw 3 of its levels.

You collected 176 gold pieces.

Inventory:

Hand Weapons
 i - a +0 whip of flaming (weapon)
Missiles
 l - 6 javelins (quivered)
Armour
 a - a +0 robe (worn)
Jewellery
 j - a ring of flight
 s - an amulet of guardian spirit
Scrolls
 c - 4 scrolls of teleportation {unknown}
 d - 4 scrolls of identify {unknown}
 f - a scroll of acquirement {unknown}
 m - 3 scrolls of poison {unknown}
 n - a scroll of enchant weapon {unknown}
 p - a scroll of amnesia {unknown}
 q - a scroll of blinking {unknown}
 r - a scroll of vulnerability {unknown}
 t - a scroll of fear {unknown}
Potions
 b - a potion of magic
 e - 2 potions of haste {unknown}
 g - a potion of ambrosia {unknown}
 k - a potion of brilliance {unknown}
 o - a potion of heal wounds {unknown}


   Skills:
 + Level 2.1 Fighting
 + Level 3.0 Dodging
 - Level 2.0 Stealth
 + Level 3.1 Spellcasting
 + Level 5.2 Necromancy


You had 6 spell levels left.
You knew the following spells:

 Your Spells              Type           Power      Damage    Failure   Level
a - Necrotise             Necr           80%        1d8       1%          1
b - Vampiric Draining     Necr           20%        2d7       6%          3

Your spell library contained the following spells:

 Spells                   Type           Power      Damage    Failure   Level
 Animate Dead             Necr           20%        N/A       21%         4
 Mercury Vapours          Alch/Air       4%         N/A       26%         2
 Mephitic Cloud           Conj/Alch/Air  2%         N/A       45%         3
 Curse of Agony           Necr           20%        N/A       50%         5
 Freezing Cloud           Conj/Ice/Air   1%         6-21      99%         5


Dungeon Overview and Level Annotations

Branches:
Dungeon (3/15)

Altars:

Annotations:
D:1 1 transporter


Innate Abilities, Weirdness & Mutations

You are surrounded by a moderate repulsion field. (EV +3)
Spells you cast may paralyse adjacent enemies.


Message History

The orc writhes in agony.
You kill the orc!
Malevolent energies surge around you.
The dead are walking!
The orc priest invokes the aid of Beogh against you.
Pain shoots through your body!
Your Dodging skill increases to level 3!
The orc priest hits you with a +0 club.
Items here: )) [ †.
Casting: Necrotise (safe; 1% risk of failure)
Confirm with . or Enter, or press ? or * to list all spells.
Aiming: Necrotise (safe; 1% risk of failure)
Press: ? - help, Shift-Dir - straight line, f - orc priest
Aim: an orc priest, wielding a +0 club (ally target, chance to affect: 78%)
The orc priest writhes in agony.
Malevolent energies surge around you.
The orc priest invokes the aid of Beogh against you.
Pain shoots through your body!
You hit the orc priest. You burn the orc priest.
The orc priest is moderately wounded.
The orc priest hits you with a +0 club.
Casting: Necrotise (safe; 1% risk of failure)
Confirm with . or Enter, or press ? or * to list all spells.
Aiming: Necrotise (safe; 1% risk of failure)
Press: ? - help, Shift-Dir - straight line, f/p - orc priest
Aim: an orc priest, wielding a +0 club (moderately wounded, ally target, chance to affect: 78%)
The orc priest writhes in agony.
Malevolent energies surge around you. The orc priest hits you with a +0 club.
* * * LOW HITPOINT WARNING * * *
You closely miss the orc priest.
The orc priest is severely wounded.
The orc priest barely misses you.
Casting: Necrotise (safe; 1% risk of failure)
Confirm with . or Enter, or press ? or * to list all spells.
You don't have enough magic to cast this spell.
You barely miss the orc priest.
The orc priest is severely wounded.
The orc priest hits you with a +0 club.
* * * LOW HITPOINT WARNING * * *
The orc priest mumbles some strange prayers to Beogh against you.
Beogh smites you!
You die...

# .......# ..#
......# ..o .....#
#.o .....#
###>.o##....#
.....)...#'#
########o#.# ##.#Z#
#############).#@#
.#.#.#.#.#.#..##o#
#.#.#.#.#.#.#....#
.###.###.###..#....+
#.#.#.#.#.#.#.#.####
#.# #.# #.#..... ###
### ####..<.# #....#
#....#


You could see an orc priest (ally target) and a friendly orc skeleton.

Vanquished Creatures
  Natasha (twice) (D:2)
  4 adders (D:2)
  3 ribbon worms (D:2)
  A dart slug (D:3)
  4 orcs (D:3)
  7 ball pythons
  2 bats (D:1)
  5 endoplasms
  A giant cockroach (D:3)
  5 hobgoblins
  2 jackals (D:2)
  5 kobolds
  2 quokkas
  A frilled lizard (D:2)
  4 goblins
  4 rats
52 creatures vanquished.

Vanquished Creatures (collateral kills)
  Natasha (D:2)
  An endoplasm (D:1)
  A goblin (D:1)
  A jackal (D:2)
4 creatures vanquished.

Grand Total: 56 creatures vanquished

Notes
Turn   | Place    | Note
-------+----------+-------------------------------------------
     0 | D:1      | PaiMei the Demonspawn Necromancer began the quest for the
                  | Orb.
     0 | D:1      | Reached XP level 1. HP: 13/13 MP: 3/3
   353 | D:1      | Gained mutation: Spells you cast may paralyse adjacent
                  | enemies. [demonic ancestry]
   353 | D:1      | Reached XP level 2. HP: 19/19 MP: 1/5
  1266 | D:2      | Gained mutation: You are surrounded by a mild repulsion
                  | field. (EV +2) [demonic ancestry]
  1266 | D:2      | Reached XP level 3. HP: 25/25 MP: 0/6
  1270 | D:2      | Learned a level 3 spell: Vampiric Draining
  1512 | D:2      | Noticed Natasha
  1526 | D:2      | Reached skill level 1 in Fighting
  1532 | D:2      | Killed Natasha
  1533 | D:2      | Gained mutation: You are surrounded by a moderate repulsion
                  | field. (EV +3) [demonic ancestry]
  1533 | D:2      | Reached XP level 4. HP: 9/32 MP: 1/7
  1571 | D:2      | Noticed Natasha
  1584 | D:2      | Killed Natasha
  1585 | D:2      | Reached skill level 5 in Necromancy
  2122 | D:2      | Reached XP level 5. HP: 38/38 MP: 4/9
  2124 | D:2      | Noticed Natasha
  2131 | D:2      | Killed Natasha
  2734 | D:3      | Killed from afar by an orc priest

Illustrated notes

Levels and vault maps discovered:
D:1:      spicycebolla_arrival_risky_transporter, layout_basic
D:2:      layout_loops_ring, amcnicky_mini_corridor_feature,
          minmay_tromino_v4_a, uniq_natasha
D:3:      layout_basic, st_stairs_6, roderic_roman_lattice,
          minmay_stone_trees_large

Skill      XL: |  1  2  3  4  5 |
---------------+----------------+-----
Dodging        | 2 3 |  3.0
Stealth        | 2 |  2.0
Fighting       | 1 2 |  2.1
Necromancy     | 5 |  5.2
Spellcasting   | 3 |  3.1

Action                     |  1- 3 |  4- 6 || total
---------------------------+-------+-------++-------
  Melee: Unarmed           |     4 |       ||     4
         Whip              |     6 |    15 ||    21
   Cast: Necrotise         |    48 |    68 ||   116
   Stab: Paralysed         |     4 |     2 ||     6
 Armour: Robe              |     9 |    12 ||    21
  Dodge: Dodged            |    12 |    18 ||    30
